 Dungeon Crawl Stone Soup version 0.18.1-5-g4a78601 (webtiles) character file.

234 PossumBlood the Chopper (level 5, 0/45 HPs)
             Began as a Minotaur Fighter on May 10, 2016.
             Was an Initiate of Okawaru.
             Slain by a killer bee (5 damage)
             ... on level 3 of the Dungeon.
             The game lasted 00:04:25 (1939 turns).

PossumBlood the Chopper (Minotaur Fighter)          Turns: 1939, Time: 00:04:25

Health: 0/45       AC:  9    Str: 26    XL:     5   Next: 75%
Magic:  4/4        EV:  7    Int:  5    God:    Okawaru [......]
Gold:   327        SH: 10    Dex: 10    Spells: 0 memorised, 4 levels left

rFire  . . .     SeeInvis .     a - +0 war axe
rCold  . . .     Gourm    .     b - +0 scale mail
rNeg   . . .     Faith    .     c - +0 shield
rPois  .         Spirit   .     (helmet restricted)
rElec  .         Dismiss  .     p - +0 cloak
rCorr  .         Reflect  .     (no gloves)
SustAt .         Harm     .     g - +0 pair of boots
MR     .....                    (no amulet)
Stlth  ..........               (no ring)
                                (no ring)

@: mighty, lethally poisoned (0 -> -7), not resistant to hostile enchantments,
extremely unstealthy
A: retaliatory headbutt, horns 2
a: Renounce Religion


You were on level 3 of the Dungeon.
You worshipped Okawaru.
Okawaru was noncommittal.
You were not hungry.

You visited 1 branch of the dungeon, and saw 3 of its levels.

You collected 327 gold pieces.

Inventory:

Hand Weapons
 a - a +0 war axe (weapon)
 o - a +3 quarterstaff of chaos
Missiles
 h - 35 arrows
Armour
 b - a +0 scale mail (worn)
 c - a +0 shield (worn)
 g - a +0 pair of boots (worn)
 p - a +0 cloak (worn)
Scrolls
 e - a scroll of magic mapping {unknown}
 i - 2 scrolls of noise {unknown}
 j - a scroll of remove curse {unknown}
 k - a scroll of recharging {unknown}
 n - a scroll of identify {unknown}
 r - a scroll of amnesia {unknown}
Potions
 l - a potion of heal wounds {unknown}
 m - a potion of flight {unknown}
 s - 2 potions of magic
 u - a potion of resistance {unknown}
 v - a potion of degeneration {unknown}
Books
 q - Sif Muna's Almanac of Aid
   (You found it on level 2 of the Dungeon)

   Spells                             Type                      Level
   a - Infusion                       Charms                       1
Comestibles
 f - 2 bread rations
 t - 2 meat rations


   Skills:
 - Level 3.6 Fighting
 * Level 7.3 Axes
 - Level 3.6 Armour
 - Level 3.6 Shields


You had 4 spell levels left.
You didn't know any spells.

Dungeon Overview and Level Annotations

Branches:
Dungeon (3/15)

Altars:
Kikubaaqudgha
Okawaru
Sif Muna
Trog
Vehumet


Innate Abilities, Weirdness & Mutations

You reflexively headbutt those who attack you in melee.
You have a pair of horns on your head.


Message History

You feel sick. The killer bee stings you.
* * * LOW HITPOINT WARNING * * *
The killer bee barely misses you.
You miss the killer bee.
* * * LOW HITPOINT WARNING * * *
You feel sick.
The killer bee stings you but does no damage.
The killer bee closely misses you. You furiously retaliate!
You headbutt the killer bee! You block the killer bee's attack.
You slash the killer bee!
You kill the killer bee!
Okawaru accepts your kill.
Your Axes skill increases to level 7!
* * * LOW HITPOINT WARNING * * *
You feel sick. You block the killer bee's attack. x2
Drink which item? (? for menu, Esc to quit)
It was a potion of magic.
Magic courses through your body.
* * * LOW HITPOINT WARNING * * *
You feel sick. The killer bee stings you.
You die...

##..### #...........##
....... #...#.......#
....... #...........##
.......## #..###........
.#....... #...###+##.#.#
.......y# #...# #.##.#.#
........# #...###.##.#..
#...K#####.....#.##.###
#..gyy@..(...#.#.##.###
.....#.######.#.....#.....
##.# #.# #........#####
#.#.#.##########.#.......
#.#.#........# #.#..###..
#.....######.# #.#..##...
###.#.### #.# #.#..<..#'
#.......# #.# #.....#.#.
#.#.#..## #.# #.....#.#.


You could see 2 killer bees, a goblin and a kobold.

Vanquished Creatures
  2 killer bees (D:3)
  Crazy Yiuf (D:2)
  Ijyb (D:2)
  Robin (D:2)
  2 adders (D:2)
  A worm (D:3)
  A dart slug (D:1)
  2 giant geckos
  4 bats
  2 giant cockroaches (D:1)
  19 goblins
  3 hobgoblins
  3 jackals (D:1)
  4 giant newts
  7 kobolds
  6 rats
59 creatures vanquished.

Notes
Turn   | Place    | Note
--------------------------------------------------------------
     0 | D:1      | PossumBlood the Minotaur Fighter began the quest for the Orb.
     0 | D:1      | Reached XP level 1. HP: 19/19 MP: 0/0
   139 | D:1      | Reached skill level 3 in Axes
   234 | D:1      | Reached XP level 2. HP: 24/26 MP: 1/1
   476 | D:1      | Reached skill level 4 in Axes
   637 | D:2      | Reached XP level 3. HP: 31/31 MP: 2/2
   821 | D:2      | Found a bloodstained altar of Trog.
   821 | D:2      | Found an iron altar of Okawaru.
   824 | D:2      | Became a worshipper of Warmaster Okawaru
   918 | D:2      | Noticed Robin
   930 | D:2      | Reached skill level 5 in Axes
   943 | D:2      | Killed Robin
   943 | D:2      | Reached XP level 4. HP: 10/39 MP: 3/3
  1357 | D:2      | Noticed Ijyb
  1363 | D:2      | Killed Ijyb
  1393 | D:2      | Noticed Crazy Yiuf
  1399 | D:2      | Killed Crazy Yiuf
  1399 | D:2      | Reached skill level 6 in Axes
  1399 | D:2      | Reached XP level 5. HP: 29/45 MP: 4/4
  1573 | D:2      | Found an ancient bone altar of Kikubaaqudgha.
  1577 | D:2      | Found a deep blue altar of Sif Muna.
  1579 | D:2      | Found a radiant altar of Vehumet.
  1584 | D:2      | Identified Sif Muna's Almanac of Aid
  1938 | D:3      | Reached skill level 7 in Axes
  1939 | D:3      | Slain by a killer bee

Skill      XL: |  1  2  3  4  5 |
---------------+----------------+-----
Axes           | 3 4 5 6 7 |  7.3
Fighting       | |  3.6
Armour         | |  3.6
Shields        | |  3.6

Action                   |  1- 3 |  4- 6 || total
-------------------------+-------+-------++-------
Melee: War axe           |   104 |    36 ||   140
       Headbutt          |    12 |    10 ||    22
  Use: Potion            |       |     2 ||     2
  Eat: Meat ration       |       |     1 ||     1
Armor: Scale mail        |    61 |    17 ||    78
Dodge: Dodged            |    45 |    10 ||    55
Block: Shield            |    63 |    21 ||    84
